 Dungeon Crawl Stone Soup version 0.21.1-1-g345015f (webtiles) character file.

37 prawnwizard the Insei (level 3, -1/23 HPs)
             Began as an Octopode Transmuter on July 26, 2018.
             Killed from afar by Sigmund (12 damage)
             ... with a puff of flame
             ... on level 2 of the Dungeon.
             The game lasted 00:01:38 (1128 turns).

prawnwizard the Insei (Octopode Transmuter)         Turns: 1128, Time: 00:01:39

Health: -1/23      AC:  1    Str:  9    XL:     3   Next: 39%
Magic:  6/6        EV: 14    Int: 15    God:
Gold:   50         SH:  0    Dex: 13    Spells: 5/6 levels left

rFire    . . .     SeeInvis .     - Unarmed
rCold    . . .     Gourm    .   (no shield)
rNeg     . . .     Faith    .   (helmet restricted)
rPois    .         Spirit   .   (no amulet)
rElec    .         Reflect  .   j - ring of protection from magic
rCorr    .         Harm     .   (no ring)
MR       +....                  (no ring)
Stlth    ++........             (no ring)
HPRegen  0.07/turn              (no ring)
MPRegen  0.10/turn              (no ring)
                                (no ring)
                                (no ring)

@: appendage (expiring)
A: almost no armour, stealthy swim, amphibious, 8 rings, constrict 8, tentacle
spike 3, camouflage 1, gelatinous body 1
a: End Transformation


You were on level 2 of the Dungeon.
You were not hungry.
One of your tentacles had a temporary spike.
You visited 1 branch of the dungeon, and saw 2 of its levels.

You collected 50 gold pieces.

Inventory:

Missiles
 a - 12 arrows
Jewellery
 j - a ring of protection from magic (left tentacle)
Scrolls
 g - a scroll of teleportation {unknown}
 i - 2 scrolls of identify {unknown}
 k - a scroll of blinking {unknown}
 l - a scroll of fog {unknown}
Potions
 d - a potion of agility {unknown}
 e - 2 potions of magic {unknown}
 f - 2 potions of heal wounds {unknown}
 h - a potion of curing {unknown}
 n - a potion of brilliance {unknown}
Books
 b - a book of Changes

   Spells                             Type                      Level
   a - Beastly Appendage              Transmutation                1
   b - Sticks to Snakes               Transmutation                2
   c - Spider Form                    Transmutation/Poison         3
   d - Ice Form                       Ice/Transmutation            4
   e - Blade Hands                    Transmutation                5
Comestibles
 c - 3 rations
 m - a chunk of flesh


   Skills:
 - Level 1.0 Fighting
 + Level 2.4 Dodging
 * Level 3.6 Unarmed Combat
 + Level 2.3 Spellcasting
 + Level 2.4 Transmutations


You had 5 spell levels left.
You knew the following spells:

 Your Spells              Type           Power        Failure   Level  Hunger
a - Beastly Appendage     Tmut           #.....       8%          1    #......


Dungeon Overview and Level Annotations

Branches:
Dungeon (2/15)

Altars:
Sif Muna
Vehumet

Annotations:
D:2 Sigmund


Innate Abilities, Weirdness & Mutations

You cannot wear most types of armour.
You are very stealthy in the water. (Stealth+)
You are amphibious.
You can wear up to eight rings at the same time.
You can use your tentacles to constrict eight enemies at once.
Your skin changes colour to match your surroundings (Stealth+).
Your rubbery body absorbs attacks. (AC +1, EV +1)
One of your tentacles bears a large vicious spike.


Message History

The puff of flame misses you.
You hear some strange, mumbled words.
A puff of flame appears from out of thin air!
The puff of flame hits you!
You tentacle-slap something.
You pierce something.
Something completely misses you.
You tentacle-slap something. Something hits you.
You barely miss something. You closely miss something.
You tentacle-slap something. Something hits you but does no damage.
You miss something.
Your transformation is almost over.
Something hits you but does no damage.
You closely miss something. You closely miss something. You squeeze something.
You hear some strange, mumbled words.
A puff of flame appears from out of thin air!
The puff of flame hits you!
Ouch! That really hurt!
You die...

##############
#.########.............
...............##.....#
#................#....#.
..................# .#..
.......##....#....###...
#.... #....#...###....
#....##.......#..#....
#.{@.......#....#...
########...#.....##.
..................
######.....###.#.
#...[.....##...
#.........####.
#...........##.
#...........##.
#...........##.


There were no monsters in sight!

Vanquished Creatures
  A gnoll (D:1)
  An ooze (D:1)
  A dart slug (D:1)
  A giant cockroach (D:1)
  3 goblins (D:1)
  2 hobgoblins (D:1)
  4 kobolds (D:1)
  3 bats (D:1)
  A frilled lizard (D:1)
  3 rats
20 creatures vanquished.

Vanquished Creatures (others)
  A bat (D:1)
1 creature vanquished.

Grand Total: 21 creatures vanquished

Notes
Turn   | Place    | Note
-------+----------+-------------------------------------------
     0 | D:1      | prawnwizard the Octopode Transmuter began the quest for the Orb.
     0 | D:1      | Reached XP level 1. HP: 13/13 MP: 3/3
    41 | D:1      | Reached XP level 2. HP: 7/18 MP: 3/5
   568 | D:1      | Reached XP level 3. HP: 22/23 MP: 6/6
   988 | D:2      | Found a deep blue altar of Sif Muna.
  1006 | D:2      | Found a radiant altar of Vehumet.
  1110 | D:2      | Noticed Sigmund
  1128 | D:2      | Killed from afar by Sigmund

Action                   || total
-------------------------++-------
Melee: Unarmed           ||    52
       Constrict         ||    13
       Kick              ||     4
       Tentacles         ||     9
       Punch             ||     2
 Cast: Beastly Appendage ||     4
 Stab: Sleeping          ||     5
  Eat: Chunk             ||     1
Armor: Skin              ||     4
Dodge: Dodged            ||    29
